 Dungeon Crawl Stone Soup version 0.31-a0-774-g0d66cbabe8 (webtiles) character file.

Game seed: 17458430890304869147

51 Aneyh the Cudgeller (level 3, 0/23 HPs)
             Began as a Tengu Monk on Sept 18, 2023.
             Slain by Terence
             ... wielding a +0 short sword
              (5 damage)
             ... on level 2 of the Dungeon.
             The game lasted 00:01:36 (1389 turns).

Aneyh the Cudgeller (Tengu Monk)                    Turns: 1389, Time: 00:01:37

Health: 0/23       AC:  2    Str: 13    XL:     3   Next: 81%
Magic:  4/4        EV: 13    Int: 10    God:
Gold:   44         SH:  0    Dex: 16    Spells: 2/2 levels left

rFire   . . .        a - +0 mace
rCold   . . .        (no shield)
rNeg    . . .        b - +0 robe
rPois   .            (helmet restricted)
rElec   .            (no cloak)
rCorr   .            (no gloves)
SInv    .            (boots unavailable)
Will    .....        (no amulet)
Stlth   +            (no ring)
HPRegen 0.23/turn    (no ring)
MPRegen 0.09/turn

%: acrobat
@: no status effects
A: beak, talons 3, acrobatic
a: no special abilities


You were on level 2 of the Dungeon.
You visited 1 branch of the dungeon, and saw 2 of its levels.

You collected 44 gold pieces.

Inventory:

Hand Weapons
 a - a +0 mace (weapon)
 k - a +0 trident
Missiles
 m - 3 boomerangs
Armour
 b - a +0 robe (worn)
 d - an orb of light
Scrolls
 g - a scroll of amnesia {unknown}
 i - a scroll of identify {unknown}
 j - a scroll of silence {unknown}
 l - a scroll of teleportation {unknown}
 o - a scroll of noise {unknown}
 p - a scroll of fear {unknown}
Potions
 c - a potion of ambrosia
 e - a potion of resistance {unknown}
 f - a potion of heal wounds {unknown}
 h - a potion of mutation {unknown}
 n - a potion of degeneration {unknown}


   Skills:
 - Level 3.0 Fighting
 + Level 5.1 Maces & Flails
 - Level 3.2 Dodging


You had 2 spell levels left.
You didn't know any spells.
Your spell library was empty.

Dungeon Overview and Level Annotations

Branches:
Dungeon (2/15)

Altars:

Annotations:
D:2 Terence


Innate Abilities, Weirdness & Mutations

You have a beak for a mouth.
You have claws for feet.
You can magically evade attacks while moving or waiting.


Message History

Terence barely misses you.
You barely miss Terence. You claw Terence.
Terence is moderately wounded.
Terence barely misses you.
You hit Terence. You claw Terence, but do no damage. Your peck misses Terence.
Terence is heavily wounded.
Terence barely misses you.
You hit Terence but do no damage.
Terence is heavily wounded.
Terence barely misses you.
You hit Terence but do no damage. Your kick misses Terence.
Your peck misses Terence.
Terence is heavily wounded.
Terence closely misses you. Terence hits you with a +0 short sword.
You hit Terence but do no damage. You claw Terence, but do no damage.
You peck Terence, but do no damage.
Terence is heavily wounded.
Terence misses you.
You hit Terence but do no damage. You claw Terence, but do no damage.
You punch Terence, but do no damage.
Terence is heavily wounded.
Terence hits you with a +0 short sword.
You hit Terence. Your kick misses Terence.
Terence is heavily wounded.
Terence closely misses you.
You hit Terence but do no damage. Your kick misses Terence.
Terence is heavily wounded.
Terence closely misses you.
You hit Terence. You claw Terence, but do no damage.
You peck Terence, but do no damage.
Terence is severely wounded.
Terence completely misses you.
You hit Terence but do no damage.
Terence is severely wounded.
Terence hits you with a +0 short sword.
* * * LOW HITPOINT WARNING * * *
You hit Terence but do no damage.
Terence is severely wounded.
Terence hits you with a +0 short sword.
You die...

#.# #. ..# #(# #.#
#.# #.# #.# #.#
#.# #.# #######
#.# #.# #.....#
####.###.###.###.#
.............# #@#
..##.###.##### #@#
.......#.# #..
...#..##.# #.##
.#.....#.# ..#
.#.#.###.# .##
.#.#.# #.# .
.#.#.# ... #.
.#.#.#


You could see Terence.

Vanquished Creatures
  An adder (D:2)
  A worm (D:2)
  2 dart slugs (D:1)
  4 bats
  3 endoplasms
  A giant cockroach (D:1)
  3 goblins (D:1)
  3 hobgoblins
  5 kobolds
  A quokka (D:2)
  6 ball pythons (D:1)
  2 rats
32 creatures vanquished.

Notes
Turn   | Place    | Note
-------+----------+-------------------------------------------
     0 | D:1      | Aneyh the Tengu Monk began the quest for the Orb.
     0 | D:1      | Reached XP level 1. HP: 14/14 MP: 2/2
   219 | D:1      | Reached XP level 2. HP: 18/19 MP: 3/3
   255 | D:1      | Reached skill level 4 in Maces & Flails
   762 | D:1      | Reached XP level 3. HP: 18/23 MP: 4/4
  1134 | D:2      | Reached skill level 5 in Maces & Flails
  1374 | D:2      | Noticed Terence
  1389 | D:2      | Slain by Terence

Illustrated notes

Levels and vault maps discovered:
D:1:      wander_arrival_peaceful_grave, layout_basic
D:2:      layout_basic, minmay_crystal_water, minmay_tiny_reverse_x,
          uniq_terence

Skill      XL: |  1  2  3 |
---------------+----------+-----
Maces & Flails | 4 5 |  5.1
Fighting       | |  3.0
Dodging        | |  3.2

Action                     || total
---------------------------++-------
  Melee: Mace              ||    82
         Kick              ||    26
         Peck              ||     9
         Punch             ||     1
   Stab: Sleeping          ||     1
 Armour: Robe              ||    33
  Dodge: Dodged            ||    50

Table legend: (Time is in decaauts)
 A = Elapsed time spent in this place.
 B = Non-inter-level travel time spent in this place.
 C = Inter-level travel time spent in this place.
 D = Time resting spent in this place.
 E = Time spent auto-exploring this place.
 F = Levels seen in this place.
 G = Mean time per level.
                   A        B        C        D        E       F      G
               +--------+--------+--------+--------+--------+-----+--------+
         Total |   1403 |   1392 |     11 |     46 |   1116 |   2 |  701.5 |
       Dungeon |   1403 |   1392 |     11 |     46 |   1116 |   2 |  701.5 |
               +--------+--------+--------+--------+--------+-----+--------+

Top non-repeatable levels by time:
     D:1: 1011 daAuts
     D:2: 391 daAuts
